 Dungeon Crawl Stone Soup version 0.26-a0-1080-g4c0aae810e (webtiles) character file.

Game seed: 4900881580303497853

3603 sanka the Covert (level 9, -11/44 HPs)
             Began as a Spriggan Enchanter on Dec 14, 2020.
             Was a Believer of Ru.
             Killed by divine providence
             ... invoked by an orc priest
              (12 damage)
             ... on level 8 of the Dungeon.
             The game lasted 00:18:42 (9606 turns).

sanka the Covert (Spriggan Enchanter)               Turns: 9606, Time: 00:18:44

Health: -11/44     AC:  5    Str:  4    XL:     9   Next: 86%
Magic:  14/15      EV: 25    Int: 16    God:    Ru [**....]
Gold:   360        SH:  0    Dex: 20    Spells: 6/15 levels left

rFire    . . .     SeeInvis +   a - +1 dagger
rCold    . . .     Faith    .   (shield unavailable)
rNeg     . . .     Spirit   .   J - +0 steam dragon scales
rPois    .         Reflect  .   (helmet restricted)
rElec    .         Harm     .   (no cloak)
rCorr    .         Rampage  .   (gloves unavailable)
Will     +....                  (boots unavailable)
Stlth    +++++.....             n - amulet of magic regeneration
HPRegen  0.14/turn              (ring unavailable)
MPRegen  0.39/turn              j - ring of flight

@: brilliant, lethally poisoned (-11 -> -22), very quick
A: very small, unfitting armour, see invisible, speed 3, missing a hand
a: Renounce Religion, Evoke Flight


You were on level 8 of the Dungeon.
You worshipped Ru.
Ru was pleased with you.
You visited 2 branches of the dungeon, and saw 9 of its levels.

You collected 360 gold pieces.


Innate Abilities, Weirdness & Mutations

You are very small and have problems with some larger weapons.
You are too small for most types of armour.
You have supernaturally acute eyesight. (SInv)
You cover ground extremely quickly.
You are missing a hand.


   Skills:
 + Level 3.3 Fighting
 + Level 8.2 Short Blades
 + Level 8.4 Dodging
 - Level 12.0 Stealth
 + Level 3.6 Spellcasting
 + Level 8.2 Hexes


You had 6 spell levels left.
You knew the following spells:

 Your Spells              Type           Power        Failure   Level
y - Dazzling Flash        Conj/Hex       ###...       10%         3
z - Ensorcelled Hibernat  Hex/Ice        ###...       4%          2
X - Confusing Touch       Hex            #####...     1%          3
Z - Corona                Hex            #####..      1%          1

Your spell library contained the following spells:

 Spells                   Type           Power        Failure   Level
 Tukima's Dance           Hex            #####...     1%          3

Inventory:

Hand Weapons
 a - a +1 dagger (weapon)
 b - a +0 short sword of venom
Missiles
 d - 31 poisoned darts (quivered)
Armour
 J - +0 steam dragon scales (worn)
Jewellery
 j - a ring of flight (right hand)
 n - an amulet of magic regeneration (around neck)
 u - a +6 ring of strength
Wands
 r - a wand of random effects (38)
 B - a wand of flame (12)
 E - a wand of iceblast (10)
 H - a wand of acid (5)
Scrolls
 f - 4 scrolls of amnesia
 k - a scroll of random uselessness {unknown}
 m - 2 scrolls of enchant armour
 q - 4 scrolls of teleportation {@r4}
 s - 2 scrolls of remove curse
 t - 4 scrolls of magic mapping
 w - 2 scrolls of enchant weapon
 y - a scroll of brand weapon {unknown}
 C - a scroll of fog {unknown}
 G - 3 scrolls of immolation {!r}
 K - a scroll of silence {unknown}
Potions
 c - a potion of lignification {unknown}
 e - 3 potions of resistance {unknown}
 g - 3 potions of heal wounds {unknown}
 h - 3 potions of curing {unknown}
 i - 2 potions of ambrosia {unknown}
 l - a potion of mutation {unknown}
 o - 3 potions of brilliance
 p - a potion of cancellation {unknown}
 v - 2 potions of degeneration {unknown}
 x - a potion of attraction {unknown}
 z - 2 potions of flight {unknown}
 A - a potion of might {unknown}
 D - 2 potions of haste {unknown}
 F - a potion of invisibility {unknown}
 I - 2 potions of berserk rage {unknown}

Dungeon Overview and Level Annotations

Branches:
Dungeon (8/15)             Temple (1/1) D:6
   Lair: D:8-11

Altars:
Ashenzari
Cheibriados
Dithmenos
Elyvilon
Fedhas
Gozag
Hepliaklqana
Kikubaaqudgha
Makhleb
Nemelex Xobeh
Okawaru
Qazlal
Ru
Sif Muna
Trog
Uskayaw
Vehumet
Wu Jian
Xom
Yredelemnul
Zin
The Shining One

Annotations:
D:8 Erica

..▒.▒......▒▒▒
.8........▒
▒▒.▒......▒ ▒
▒▒▒.▒▒▒▒ ▒.▒
▒)▒ ▒▒▒.▒▒▒
▒..o..▒ .
▒.ooi.▒
...o▒▒.o...▒
.......o...▒
▒▒.▒▒▒.....▒
▒▒▒▒▒▒▒


You could see an orc warrior (blind), an orc priest and 3 orcs.


Message History

The orc is stunned by your conviction and fails to attack.
The orc warrior closely misses you. The orc misses you.
The orc priest calls down the wrath of Beogh upon you.
Beogh smites you!
Aiming: Ensorcelled Hibernation (safe; 4% risk of failure)
Aim: an orc warrior, wielding a +0 trident and wearing a +0 chain mail (chance to affect: 47%)
The orc warrior resists with some effort.
The orc warrior barely misses you.
The orc hits you with a +3 short sword of venom.
You are poisoned.
The orc closely misses you.
Unknown command.
You feel sick.
The orc warrior hits you from afar with a +0 trident!!
Ouch! That really hurt!
* * * LOW HITPOINT WARNING * * *
You focus your will and blind the orc warrior in retribution!
The orc hits you with a +3 short sword of venom.
* * * LOW HITPOINT WARNING * * *
You are more poisoned.
It was a potion of brilliance.
You feel clever all of a sudden.
* * * LOW HITPOINT WARNING * * *
You feel sick. The orc misses you. The orc warrior barely misses you.
The orc priest invokes the aid of Beogh against you.
Beogh smites you!
You die...

Action                   |  1- 3 |  4- 6 |  7- 9 || total
-------------------------+-------+-------+-------++-------
Melee: Dagger            |   106 |   129 |   258 ||   493
       Short sword       |       |       |    50 ||    50
Throw: Dart              |       |     2 |       ||     2
 Cast: Corona            |     6 |       |       ||     6
       Ensorcelled Hiber |    35 |    54 |    71 ||   160
       Confusing Touch   |       |     1 |    23 ||    24
Invok: Sacrifice a Hand  |       |       |     1 ||     1
  Use: Scroll            |       |       |     8 ||     8
       Potion            |       |       |     1 ||     1
 Stab: Sleeping          |    23 |    40 |    61 ||   124
       Distracted        |       |     5 |     1 ||     6
       Confused          |       |     1 |    24 ||    25
Armor: Robe              |    15 |    25 |     2 ||    42
       Steam dragon scal |       |       |     6 ||     6
Dodge: Dodged            |   127 |   134 |   263 ||   524

Levels and vault maps discovered:
D:1:      lemuel_arrival_funnel, layout_basic
D:2:      layout_rooms, chequers_ecumenical_altar_simple_redux,
          minmay_split_cup_small
D:3:      layout_basic, uniq_terence
D:4:      layout_basic, serial_bayou_pond_c
D:5:      layout_rooms
D:6:      layout_cave_pools, minmay_temple_entry_large_hall, uniq_duvessa
D:7:      layout_basic, grunt_temple_overflow_open, vehumet_altar_wand_db,
          uniq_maggie
D:8:      minmay_octagon_keep, layout_basic, uniq_erica
Temple:   nicolae_temple_elliptical

Notes
Turn   | Place    | Note
-------+----------+-------------------------------------------
     0 | D:1      | sanka the Spriggan Enchanter began the quest for the Orb.
     0 | D:1      | Reached XP level 1. HP: 9/9 MP: 5/5
    98 | D:1      | Reached skill level 5 in Stealth
   125 | D:1      | Reached XP level 2. HP: 5/13 MP: 4/6
   307 | D:1      | Learned a level 2 spell: Ensorcelled Hibernation
   429 | D:1      | Reached skill level 6 in Stealth
   799 | D:1      | Reached XP level 3. HP: 16/16 MP: 2/8
  1331 | D:2      | Found a faded altar of an unknown god.
  1811 | D:1      | Reached skill level 7 in Stealth
  2088 | D:2      | Reached XP level 4. HP: 20/21 MP: 4/9
  2282 | D:2      | Reached skill level 8 in Stealth
  2885 | D:3      | Reached skill level 2 in Short Blades
  2971 | D:3      | Noticed Terence
  2975 | D:3      | Killed Terence
  2976 | D:3      | Reached XP level 5. HP: 24/24 MP: 10/10
  3115 | D:3      | Reached skill level 3 in Short Blades
  3543 | D:3      | Learned a level 3 spell: Confusing Touch
  3547 | D:3      | Learned a level 3 spell: Dazzling Flash
  3568 | D:3      | Reached skill level 4 in Short Blades
  3701 | D:3      | Reached XP level 6. HP: 28/28 MP: 11/11
  3826 | D:4      | Reached skill level 5 in Short Blades
  3975 | D:4      | Reached skill level 3 in Spellcasting
  4026 | D:4      | Reached skill level 4 in Hexes
  4518 | D:4      | Reached skill level 5 in Hexes
  4746 | D:4      | Noticed an ice beast
  4753 | D:4      | Killed an ice beast
  4786 | D:4      | Reached XP level 7. HP: 32/32 MP: 9/12
  4896 | D:4      | Reached skill level 6 in Hexes
  5075 | D:5      | Entered Level 5 of the Dungeon
  5289 | D:5      | Reached skill level 7 in Hexes
  5989 | D:5      | Reached skill level 8 in Hexes
  5989 | D:5      | Reached skill level 1 in Fighting
  6013 | D:5      | Reached skill level 4 in Dodging
  6016 | D:5      | Reached XP level 8. HP: 31/38 MP: 6/13
  6314 | D:6      | Reached skill level 2 in Fighting
  6346 | D:6      | Reached skill level 5 in Dodging
  6373 | D:6      | Found a staircase to the Ecumenical Temple.
  6504 | D:5      | HP: 3/36 [wight/+1 great sword of electrocution (2)]
  6869 | D:6      | Reached skill level 6 in Dodging
  6875 | D:6      | Reached skill level 3 in Fighting
  7132 | D:6      | Reached skill level 7 in Dodging
  7374 | D:6      | Reached skill level 8 in Dodging
  7392 | D:6      | Noticed Duvessa
  7395 | D:6      | Noticed Dowan
  7412 | D:6      | Killed Duvessa
  7416 | D:6      | Killed Dowan
  7622 | D:6      | Reached skill level 9 in Stealth
  7933 | Temple   | Entered the Ecumenical Temple
  8061 | Temple   | Became a worshipper of Ru the Awakened
  8112 | D:7      | Found a radiant altar of Vehumet.
  8115 | D:7      | Reached skill level 6 in Short Blades
  8115 | D:7      | Reached XP level 9. HP: 44/44 MP: 14/14
  8262 | D:7      | Reached skill level 10 in Stealth
  8446 | D:7      | Identified +0 steam dragon scales
  8446 | D:7      | Noticed Maggie
  8493 | D:7      | Reached skill level 7 in Short Blades
  8506 | D:7      | Killed Maggie
  8507 | D:7      | Reached skill level 11 in Stealth
  8539 | D:7      | Found a broken altar of Ashenzari.
  8542 | D:7      | Found a shimmering altar of Xom.
  8542 | D:7      | Found a sparkling altar of Nemelex Xobeh.
  8558 | D:7      | Found a hide-covered altar of Uskayaw.
  8558 | D:7      | Found a snail-covered altar of Cheibriados.
  8647 | D:7      | Reached skill level 8 in Short Blades
  8940 | D:7      | Reached skill level 12 in Stealth
  9345 | D:8      | Gained mutation: You are missing a hand. [Ru sacrifice]
  9345 | D:8      | Reached * piety under Ru
  9345 | D:8      | Reached ** piety under Ru
  9569 | D:8      | Noticed a gargoyle
  9575 | D:8      | Noticed Erica
  9605 | D:8      | HP: 2/44 [orc/+3 short sword of venom (3)]
  9606 | D:8      | Killed from afar by an orc priest

Vanquished Creatures
  Maggie (D:7)
  Duvessa (D:6)
  An orc warrior (D:8)
  2 phantoms (D:7)
  4 ice beasts
  2 black bears
  4 centaurs
  3 ogres
  A big kobold (D:7)
  5 bullfrogs
  Dowan (D:6)
  3 scorpions
  5 wights
  2 hounds
  4 orc priests
  9 orc wizards
  3 iguanas
  Terence (D:3)
  5 worker ants
  2 worker ant zombies
  12 adders
  6 gnolls
  A shadow imp (D:6)
  3 white imps
  2 ufetubi
  An ooze (D:1)
  An adder zombie (D:6)
  3 worms
  4 dart slugs
  5 leopard geckos
  27 orcs
  10 bats
  4 giant cockroaches
  11 goblins
  7 hobgoblins
  14 jackals
  4 quokkas
  3 ball pythons
  6 frilled lizards
  A giant cockroach zombie (D:6)
  12 kobolds
  2 leopard gecko zombies
  A quokka skeleton (D:8)
  6 rats
205 creatures vanquished.
